 Dungeon Crawl Stone Soup version 0.30.0-18-gc0e69614cb (webtiles) character file.

Game seed: 8656073961780373552

74 sampeng1 the Trooper (level 4, -4/41 HPs)
             Began as a Minotaur Berserker on May 24, 2023.
             Was a Believer of Trog.
             Slain by Grinder (7 damage)
             ... on level 3 of the Dungeon.
             The game lasted 00:04:59 (1674 turns).

sampeng1 the Trooper (Minotaur Berserker)           Turns: 1674, Time: 00:04:59

Health: -4/41      AC:  4    Str: 23    XL:     4   Next: 10%
Magic:  3/3        EV: 13    Int:  4    God:    Trog [**....]
Gold:   133        SH:  0    Dex: 16    Spells: 3/3 levels left

rFire   . . .        a - +0 hand axe
rCold   . . .        (no shield)
rNeg    . . .        k - +1 leather armour
rPois   .            (helmet restricted)
rElec   .            (no cloak)
rCorr   +            (no gloves)
SInv    .            (no boots)
Will    .....        (no amulet)
Stlth   +            j - ring "Gacycvu" {rCorr Dex+6}
HPRegen 0.26/turn    (no ring)
MPRegen 0.08/turn

%: no passive effects
@: no status effects
A: horns 2, retaliatory headbutt
a: Renounce Religion, Berserk, Trog's Hand


You were on level 3 of the Dungeon.
You worshipped Trog.
Trog was pleased with you.
You visited 1 branch of the dungeon, and saw 3 of its levels.

You collected 133 gold pieces.

Inventory:

Hand Weapons
 a - a +0 hand axe (weapon)
Armour
 k - a +1 leather armour (worn)
Jewellery
 j - the ring "Gacycvu" (left hand) {rCorr Dex+6}
   (You found it on level 2 of the Dungeon)

   [ring of dexterity]

   Dex:       It affects your dexterity (+6).
   rCorr:     It protects you from acid and corrosion.
Scrolls
 c - a scroll of poison
 f - a scroll of enchant armour
 g - a scroll of summoning
Potions
 d - a potion of invisibility
 e - a potion of degeneration
 h - a potion of haste {unknown}
 l - a potion of flight {unknown}


   Skills:
 + Level 4.4 Fighting
 + Level 4.3 Axes
 + Level 3.3 Armour
 + Level 3.0 Dodging


You had 3 spell levels left.
You didn't know any spells.
Your spell library was empty.

Dungeon Overview and Level Annotations

Branches:
Dungeon (3/15)

Altars:

Annotations:
D:3 Grinder


Innate Abilities, Weirdness & Mutations

You have a pair of horns on your head.
You reflexively headbutt those who attack you in melee.


Message History

Grinder is lightly wounded.
Grinder barely misses you.
You hit Grinder. Your headbutt misses Grinder.
Grinder is lightly wounded.
Grinder closely misses you.
You hit Grinder. You headbutt Grinder!
Grinder is heavily wounded.
Grinder misses you.
You hit Grinder but do no damage.
Grinder is heavily wounded.
Grinder hits you but does no damage.
You barely miss Grinder.
Grinder is heavily wounded.
Grinder grins, showing sharp teeth.
Grinder hits you.
You writhe in agony.
You hit Grinder.
Grinder is heavily wounded.
Grinder misses you.
You barely miss Grinder.
Grinder is heavily wounded.
Grinder hits you but does no damage.
You closely miss Grinder.
Grinder is heavily wounded.
Grinder hits you.
You writhe in agony.
You hit Grinder but do no damage. You headbutt Grinder!
Grinder is severely wounded.
Grinder hits you!
You writhe in agony.
Grinder blinks!
Grinder gestures at you. Pain shoots through your body!
* * * LOW HITPOINT WARNING * * *
Grinder hits you.
* * * LOW HITPOINT WARNING * * *
You hit Grinder but do no damage.
Grinder is severely wounded.
Grinder gestures at you. You resist with significant effort.
You barely miss Grinder.
Grinder is severely wounded.
Grinder hits you!
You die...

#. #. #. #. #. #.
######.########
.........@5...#########
###.##.#####..:#......#
#.) #.....<.# ....
#...#.#.# #....
##.##.#.# ###+#
#.##...# +....###
#.#... ####.#


You could see Grinder.

Vanquished Creatures
  2 adders (D:2)
  2 worms (D:2)
  3 dart slugs
  An orc (D:2)
  2 ball pythons (D:2)
  4 bats
  4 giant cockroaches (D:1)
  4 goblins (D:1)
  5 hobgoblins (D:1)
  4 jackals (D:2)
  A quokka (D:1)
  A frilled lizard (D:1)
  3 kobolds
  4 rats
40 creatures vanquished.

Notes
Turn   | Place    | Note
-------+----------+-------------------------------------------
     0 | D:1      | sampeng1 the Minotaur Berserker began the quest for the
                  | Orb.
     0 | D:1      | Reached XP level 1. HP: 19/19 MP: 0/0
   241 | D:1      | Reached XP level 2. HP: 22/27 MP: 1/1
   816 | D:2      | Reached XP level 3. HP: 29/33 MP: 2/2
   823 | D:2      | Identified the ring "Gacycvu" {rCorr Dex+6}
   989 | D:2      | Reached ** piety under Trog
  1412 | D:2      | Reached XP level 4. HP: 41/41 MP: 3/3
  1659 | D:3      | Noticed Grinder
  1672 | D:3      | HP: 2/41 [Grinder (6)]
  1674 | D:3      | Slain by Grinder

Illustrated notes

Levels and vault maps discovered:
D:1:      dpeg_arrival_simpleton_a, layout_basic
D:2:      layout_loops_ring, minmay_split_cup_large
D:3:      layout_loops_corners, shapermc_ecumenical_altar_pompeii,
          dk_vineyard_2, saegor_snake_ambush, uniq_robin, uniq_grinder,
          uniq_terence

Skill      XL: |  1  2  3 |
---------------+----------+-----
Fighting       | 4 |  4.4
Axes           | 4 |  4.3
Armour         | 3 |  3.3
Dodging        | 3 |  3.0

Action                     |  1- 3 |  4- 6 || total
---------------------------+-------+-------++-------
  Melee: Hand axe          |    96 |    18 ||   114
         Headbutt          |    11 |     2 ||    13
         Punch             |     1 |       ||     1
    Use: Scroll            |     5 |     3 ||     8
 Armour: Animal skin       |    15 |       ||    15
         Leather armour    |     4 |     3 ||     7
  Dodge: Dodged            |    71 |     8 ||    79
